 Dungeon Crawl Stone Soup version 0.22-a0-445-g8c8ef71 (webtiles) character file.

49 varam the Magician (level 3, -1/25 HPs)
             Began as a Gnoll Wizard on June 2, 2018.
             Slain by Natasha (6 damage)
             ... on level 2 of the Dungeon.
             The game lasted 00:06:43 (1310 turns).

varam the Magician (Gnoll Wizard)                   Turns: 1310, Time: 00:06:44

Health: -1/25      AC:  3    Str:  9    XL:     3   Next: 75%
Magic:  11/11      EV: 14    Int: 21    God:
Gold:   54         SH:  0    Dex: 13    Spells: 15/16 levels left

rFire    . . .     SeeInvis .   j - +3 short sword (drain)
rCold    . . .     Gourm    .   (no shield)
rNeg     . . .     Faith    .   a - +1 robe
rPois    .         Spirit   .   b - +0 hat
rElec    .         Reflect  .   (no cloak)
rCorr    .         Harm     .   (no gloves)
MR       .....                  (no boots)
Stlth    +++.......             (no amulet)
HPRegen  0.08/turn              (no ring)
MPRegen  0.12/turn              (no ring)

@: no status effects
A: distributed training, fangs 1, strong nose
a: no special abilities


You were on level 2 of the Dungeon.
You were not hungry.

You visited 1 branch of the dungeon, and saw 2 of its levels.

You collected 54 gold pieces.

Inventory:

Hand Weapons
 d - a +1 spear of venom
 j - a +3 short sword of draining (weapon)
Armour
 a - a +1 robe (worn)
 b - a +0 hat (worn)
Scrolls
 c - 4 scrolls of identify {unknown}
 h - a scroll of teleportation {unknown}
 k - 2 scrolls of noise
 l - a scroll of fog {unknown}
Potions
 f - a potion of cancellation {unknown}
Comestibles
 e - 5 rations
 g - 3 chunks of flesh


   Skills:
 + Level 0.9 Fighting
 + Level 0.9 Short Blades
 + Level 0.9 Long Blades
 + Level 0.9 Axes
 + Level 0.9 Maces & Flails
 + Level 0.9 Polearms
 + Level 0.9 Staves
 + Level 0.9 Slings
 + Level 0.9 Bows
 + Level 0.9 Crossbows
 + Level 0.9 Throwing
 + Level 0.9 Armour
 + Level 4.5 Dodging
 + Level 4.2 Stealth
 + Level 0.9 Shields
 + Level 0.9 Unarmed Combat
 + Level 7.1 Spellcasting
 + Level 2.1 Conjurations
 + Level 0.6 Hexes
 + Level 0.6 Charms
 + Level 2.1 Summonings
 + Level 0.6 Necromancy
 + Level 2.1 Translocations
 + Level 0.6 Transmutations
 + Level 0.6 Fire Magic
 + Level 0.6 Ice Magic
 + Level 0.6 Air Magic
 + Level 0.6 Earth Magic
 + Level 0.6 Poison Magic
 + Level 1.0 Invocations
 + Level 0.9 Evocations


You had 15 spell levels left.
You knew the following spells:

 Your Spells              Type           Power        Failure   Level  Hunger
a - Magic Dart            Conj           ###.         3%          1    None

Your spell library contained the following spells:

 Spells                   Type           Power        Failure   Level  Hunger
 Conjure Flame            Conj/Fire      ##......     14%         3    None
 Slow                     Hex            ##......     10%         2    None
 Mephitic Cloud           Conj/Pois/Air  ##......     16%         3    None
 Blink                    Tloc           N/A          5%          2    None
 Call Imp                 Summ           ###.....     5%          2    None


Dungeon Overview and Level Annotations

Branches:
Dungeon (2/15)

Altars:

Annotations:
D:2 Natasha


Innate Abilities, Weirdness & Mutations

Your experience applies equally to all skills.
You have very sharp teeth.
Your uncanny sense of smell can sniff out nearby items.


Message History

Okay, then.
As you read the scroll labeled AVOFECS CEPAI, it crumbles to dust.
You hear a loud clanging noise!
It was a scroll of noise.
You hear an angry hiss.
You hear a shout! x3; You hear an angry hiss.
You hear a shout! x2
A frilled lizard comes into view.
The rat bites you. Natasha claws you.
* * * LOW HITPOINT WARNING * * *
As you read the scroll labeled WOCICL SEUCA, it crumbles to dust.
It is a scroll of enchant armour.
Your +0 robe glows green for a moment.
The rat bites you but does no damage. Natasha closely misses you.
As you read the scroll labeled DUIT OROTY, it crumbles to dust.
It is a scroll of enchant weapon.
Your +2 short sword of draining glows red for a moment.
The rat bites you.
* * * LOW HITPOINT WARNING * * *
Natasha claws you.
You die...

####### #.....# #.....#
#.....######
..##...h.#....#######
......r@.'..........###
?.l..$...#.......#....+
........$#.......#...##
.....########...)#.#.###
..... +....+...... ....
#....#+#.... ...
####......#. #+#
#....<รท.. #........


You could see Natasha, a frilled lizard and a rat.

Vanquished Creatures
  2 adders
  A dart slug (D:1)
  3 leopard geckos (D:1)
  3 bats
  A giant cockroach (D:1)
  3 goblins
  3 hobgoblins (D:1)
  5 kobolds (D:1)
  A frilled lizard (D:1)
  3 rats
25 creatures vanquished.

Notes
Turn   | Place    | Note
-------+----------+-------------------------------------------
     0 | D:1      | varam the Gnoll Wizard began the quest for the Orb.
     0 | D:1      | Reached XP level 1. HP: 13/13 MP: 8/8
   440 | D:1      | Reached XP level 2. HP: 19/19 MP: 10/10
   849 | D:1      | Reached XP level 3. HP: 24/25 MP: 11/11
  1285 | D:2      | Reached skill level 1 in Invocations
  1304 | D:2      | Noticed Natasha
  1310 | D:2      | Slain by Natasha

Vault maps used:
D:1:      minmay_arrival_stone_box, serial_bayou_lagoon_a
D:2:      uniq_terence, uniq_natasha

Skill      XL: |  1  2  3 |
---------------+----------+-----
Conjurations   | 2 |  2.1
Summonings     | 2 |  2.1
Translocations | 2 |  2.1
Invocations    | 1 |  1.0
Fighting       | |  0.9
Short Blades   | |  0.9
Long Blades    | |  0.9
Axes           | |  0.9
Maces & Flails | |  0.9
Polearms       | |  0.9
Staves         | |  0.9
Slings         | |  0.9
Bows           | |  0.9
Crossbows      | |  0.9
Throwing       | |  0.9
Armour         | |  0.9
Dodging        | |  4.5
Stealth        | |  4.2
Shields        | |  0.9
Unarmed Combat | |  0.9
Spellcasting   | |  7.1
Hexes          | |  0.6
Charms         | |  0.6
Necromancy     | |  0.6
Transmutations | |  0.6
Fire Magic     | |  0.6
Ice Magic      | |  0.6
Air Magic      | |  0.6
Earth Magic    | |  0.6
Poison Magic   | |  0.6
Evocations     | |  0.9

Action                   || total
-------------------------++-------
Melee: Spear             ||    12
       Short sword       ||    50
       Bite              ||     2
 Cast: Magic Dart        ||    14
  Use: Scroll            ||     3
 Stab: Sleeping          ||     7
  Eat: Chunk             ||     1
Armor: Robe              ||     9
Dodge: Dodged            ||    57

Table legend:
 A = Spawn XP
 B = Non-spawn XP
 C = Spawn XP percentage of total XP
 D = Spawn monster count
 E = Non-spawn monster count
 F = Spawn count percentage of total count
 G = Total turns spent on level
                    A         B        C        D         E        F      G
               +---------+---------+-------+---------+---------+-------+---------
         Total |       0 |      70 |   0.0 |       0 |      25 |   0.0 |  1310
               +---------+---------+-------+---------+---------+-------+---------
           D:1 |       0 |      50 |   0.0 |       0 |      20 |   0.0 |  1249
           D:2 |       0 |      20 |   0.0 |       0 |       5 |   0.0 |    61
               +---------+---------+-------+---------+---------+-------+---------
